 Dungeon Crawl Stone Soup version 0.27-b1-42-g19c61b19a5 (webtiles) character file.

Game seed: 9524110285215110890

45 Sin92 the Skirmisher (level 3, -3/29 HPs)
             Began as a Demonspawn Fighter on July 29, 2021.
             Slain by an orc warrior (8 damage)
             ... on level 2 of the Dungeon.
             The game lasted 00:02:03 (1356 turns).

Sin92 the Skirmisher (Demonspawn Fighter)           Turns: 1356, Time: 00:02:03

Health: -3/29      AC:  6    Str: 16    XL:     3   Next: 42%
Magic:  3/3        EV:  7    Int:  9    God:
Gold:   25         SH: 10    Dex: 13    Spells: 2/2 levels left

rFire    . . .     SeeInvis .   a - +1 war axe
rCold    . . .     Faith    .   c - +1 kite shield
rNeg     . . .     Spirit   .   b - +0 scale mail
rPois    .         Reflect  .   (helmet restricted)
rElec    .         Harm     .   (no cloak)
rCorr    .         Rampage  .   (no gloves)
Will     .....                  (no boots)
Stlth    ..........             h - amulet of magic regeneration
HPRegen  0.09/turn              (no ring)
MPRegen  0.33/turn              (no ring)

@: about to teleport
A: antennae 1, demonic magic 1
a: no special abilities


You were on level 2 of the Dungeon.
You visited 1 branch of the dungeon, and saw 3 of its levels.

You collected 25 gold pieces.

Inventory:

Hand Weapons
 a - a +1 war axe (weapon)
Armour
 b - a +0 scale mail (worn)
 c - a +1 kite shield (worn)
Jewellery
 h - an amulet of magic regeneration (around neck)
Wands
 i - a wand of charming (12)
Scrolls
 e - a scroll of fog
 g - 2 scrolls of teleportation
Potions
 d - a potion of might
 f - 2 potions of heal wounds
 j - a potion of haste {unknown}


   Skills:
 + Level 3.3 Fighting
 * Level 2.5 Axes
 + Level 2.9 Armour
 + Level 0.8 Dodging
 + Level 3.0 Shields


You had 2 spell levels left.
You didn't know any spells.
Your spell library was empty.

Dungeon Overview and Level Annotations

Branches:
Dungeon (3/15)

Altars:

Shops:
D:2 [[!*


Innate Abilities, Weirdness & Mutations

You have a pair of small antennae on your head.
Spells you cast may paralyse adjacent enemies.


Message History

The orc wizard flickers and vanishes!
Deactivating autopickup; reactivate with Ctrl-A.
The frilled lizard bites you but does no damage.
A kobold comes into view. It is wielding a +0 whip.
There are monsters nearby!
You completely miss the frilled lizard.
The frilled lizard is heavily wounded.
The kobold shouts!
The frilled lizard bites you but does no damage.
The orc warrior hits you with a +0 hand axe!
You block the frilled lizard's attack.
Unknown command.
There are monsters nearby!
You barely miss the frilled lizard.
The frilled lizard is heavily wounded.
You hit the orc warrior but do no damage.
The orc warrior hits you with a +0 hand axe!
* * * LOW HITPOINT WARNING * * *
The frilled lizard bites you.
* * * LOW HITPOINT WARNING * * *
There are monsters nearby!
You are too injured to fight recklessly!
Unknown command.
There are monsters nearby!
You are too injured to fight recklessly!
Unknown command.
There are monsters nearby!
You are too injured to fight recklessly!
Unknown command.
There are monsters nearby!
The frilled lizard bites you but does no damage.
You block the orc warrior's attack.
You climb upwards.
Reactivating autopickup.
There is a stone staircase leading down here.
As you read the scroll of teleportation, it crumbles to dust.
You feel strangely unstable. The frilled lizard bites you.
* * * LOW HITPOINT WARNING * * *
The orc warrior hits you with a +0 hand axe!
You die...

#..∩....... #####
##.#....... #...##
#.###..... #.#..##
#..###....
#.....#######..##....
#.∩.#................
#............##......
#.#.l........####.#..
#...@####............
####.o...............
#.........####..##
#.........# #..#.
###.#####.### #....
##...# #..#####....
##..### ##).........
#..## #..........
#.## #..........


You could see an orc warrior and a frilled lizard.

Vanquished Creatures
  An adder (D:2)
  A dart slug (D:2)
  An orc (D:3)
  3 ball pythons
  4 bats
  4 endoplasms
  3 giant cockroaches (D:1)
  4 goblins
  A hobgoblin (D:1)
  2 jackals (D:1)
  A quokka (D:1)
  A kobold (D:1)
  4 rats
30 creatures vanquished.

Notes
Turn   | Place    | Note
-------+----------+-------------------------------------------
     0 | D:1      | Sin92 the Demonspawn Fighter began the quest for the Orb.
     0 | D:1      | Reached XP level 1. HP: 18/18 MP: 1/1
   178 | D:1      | Gained mutation: Spells you cast may paralyse adjacent
                  | enemies. [demonic ancestry]
   178 | D:1      | Reached XP level 2. HP: 24/24 MP: 2/2
   985 | D:2      | Found Wustux's Distillery.
  1060 | D:2      | Gained mutation: You have a pair of small antennae on your
                  | head. [demonic ancestry]
  1060 | D:2      | Reached XP level 3. HP: 27/29 MP: 3/3
  1249 | D:2      | Found Qeuz's Armour Shop.
  1268 | D:2      | Found Etrinebi's Armour Boutique.
  1296 | D:2      | Found Jaghamad's Assorted Antiques.
  1348 | D:3      | Noticed an orc warrior
  1356 | D:2      | Slain by an orc warrior

Illustrated notes

Levels and vault maps discovered:
D:1:      lemuel_arrival_room, layout_rooms
D:2:      layout_rooms, serial_shops, nicolae_shop_stone,
          nicolae_shop_waterfront, shop, shop, hex_tiny
D:3:      layout_rooms, mainiacjoe_overflow_small_starburst, serial_shops, shop,
          shop, shop, shop, shop, hangedman_decor_opposing

Skill      XL: |  1  2  3 |
---------------+----------+-----
Axes           | 2 |  2.5
Shields        | 3 |  3.0
Fighting       | |  3.3
Armour         | |  2.9
Dodging        | |  0.8

Action                   || total
-------------------------++-------
Melee: War axe           ||    89
  Use: Scroll            ||     6
       Potion            ||     2
Armor: Scale mail        ||    68
Dodge: Dodged            ||    22
Block: Kite shield       ||    56
